Map: Novice Twilight Fortress

Players

Kewl - Winner!

  • Race: Protoss Protoss
  • Spawn Location: 7:00

pta - Winner!

  • Race: Zerg Zerg
  • Spawn Location: 7:00

A.I. 2 (Very Hard)

  • Race: Protoss Protoss
  • Spawn Location: 1:00

A.I. 3 (Harder)

  • Race: Terran Terran
  • Spawn Location: 1:00

VOD

Have the link to the VOD?

Description

Time

  • Played on: April 29, 2019, 5:02 p.m.
  • Length: 21:37
Show
View Real Time Build Order
Export as new Build Order

Kewl Protoss - Winner!

Build Orders: 1 Gate Expand, Forge Fast Expand (FFE) 

Get SALT Encoding   

  1  0:00  Probe  
  12  0:06  Probe  
  14  0:16  Probe  
  15  0:31  Pylon  
  15  0:49  Probe  
  16  0:50  Forge  
  16  0:55  Gateway  
  16  0:59  Probe  
  17  1:07  Probe  
  18  1:27  Nexus  
  18  1:37  Photon Cannon  
  18  1:43  Zealot  
  20  1:51  Assimilator  
  20  1:56  Assimilator  
  20  2:03  Photon Cannon  
  20  2:11  Zealot  
  22  2:23  Photon Cannon  
  22  2:40  Pylon  
  22  2:41  Zealot  
  24  2:50  Cybernetics Core  
  24  2:56  Probe  
  24  3:04  Probe  
  25  3:12  Zealot  
  28  3:13  Probe  
  29  3:25  Probe, Pylon  
  30  3:28  Pylon  
  30  3:38  Probe  
  30  3:40  Zealot  
  30  3:41  Probe  
  34  3:49  Probe  
  34  3:50  Probe  
  36  3:59  Probe  
  36  4:02  Probe  
  38  4:03  Photon Cannon  
  38  4:05  Photon Cannon  
  38  4:10  Photon Cannon  
  38  4:13  Probe  
  38  4:15  Photon Cannon  
  39  4:21  Probe  
  39  4:28  Zealot  
  39  4:29  Probe x2  
  42  4:37  Probe  
  44  4:40  Probe  
  46  4:47  Probe  
  46  4:52  Probe  
  48  4:54  Nexus  
  48  5:00  Photon Cannon  
  48  5:03  Zealot  
  50  5:11  Probe  
  50  5:15  Twilight Council  
  50  5:19  Probe  
  51  5:24  Pylon  
  52  5:29  Probe  
  52  5:35  Photon Cannon  
  53  5:37  Photon Cannon  
  53  5:41  Probe  
  53  5:42  Photon Cannon  
  54  5:52  Photon Cannon x2  
  54  5:53  Probe  
  55  6:01  Photon Cannon  
  55  6:02  Photon Cannon  
  55  6:03  Probe  
  56  6:11  Probe  
  56  6:16  Charge  
  56  6:17  Zealot  
  59  6:21  Probe  
  59  6:22  Stargate  
  60  6:26  Assimilator  
  60  6:30  Assimilator  
  60  6:33  Probe  
  61  6:42  Pylon  
  61  6:45  Probe  
  62  6:47  Pylon  
  62  6:57  Probe, Stargate  
  62  6:59  Stargate  
  63  7:02  Stargate  
  63  7:10  Pylon  
  63  7:12  Zealot  
  65  7:22  Photon Cannon  
  65  7:23  Photon Cannon  
  65  7:24  Protoss Shields Level 1  
  65  7:26  Photon Cannon  
  65  7:30  Photon Cannon  
  65  7:33  Photon Cannon  
  65  7:36  Photon Cannon  
  65  7:39  Zealot  
  65  7:42  Photon Cannon  
  67  7:45  Photon Cannon  
  67  7:48  Probe  
  67  7:56  Probe  
  67  7:57  Fleet Beacon  
  69  8:06  Probe, Zealot  
  72  8:19  Protoss Air Weapons Level 1  
  72  8:33  Zealot  
  54  8:46  Photon Cannon  
  54  8:48  Photon Cannon  
  54  8:50  Photon Cannon  
  54  8:52  Photon Cannon  
  54  8:55  Photon Cannon  
  54  8:58  Photon Cannon  
  54  8:59  Photon Cannon  
  54  9:00  Zealot  
  54  9:01  Photon Cannon  
  56  9:04  Photon Cannon  
  56  9:09  Pylon  
  52  9:22  Tempest  
  52  9:23  Tempest x2  
  66  9:27  Zealot  
  68  9:33  Tempest  
  73  9:41  Pylon  
  73  9:44  Photon Cannon  
  73  9:47  Photon Cannon  
  73  9:52  Photon Cannon  
  71  9:55  Photon Cannon, Zealot  
  73  10:12  Photon Cannon  
  71  10:22  Zealot  
  71  10:28  Protoss Air Armor Level 1  
  68  10:49  Zealot  
  70  10:56  Pylon  
  68  10:59  Pylon  
  68  11:03  Tempest x2  
  78  11:14  Tempest, Protoss Shields Level 2  
  78  11:16  Zealot  
  85  11:21  Nexus  
  85  11:25  Photon Cannon  
  85  11:33  Photon Cannon  
  85  11:35  Photon Cannon  
  85  11:43  Zealot  
  85  11:44  Photon Cannon  
  87  11:50  Probe  
  88  11:58  Probe  
  88  12:00  Tempest  
  94  12:09  Photon Cannon  
  94  12:14  Photon Cannon  
  94  12:18  Photon Cannon  
  94  12:23  Photon Cannon  
  94  12:26  Photon Cannon  
  94  12:30  Probe  
  94  12:33  Zealot  
  97  12:38  Probe  
  98  12:45  Photon Cannon  
  98  12:48  Probe  
  98  12:50  Photon Cannon  
  99  12:56  Photon Cannon  
  99  13:00  Probe, Zealot  
  102  13:12  Probe  
  101  13:24  Probe  
  102  13:30  Tempest  
  102  13:31  Photon Cannon  
  107  13:36  Probe  
  107  13:37  Tempest  
  109  13:58  Pylon  
  109  14:03  Nexus  
  109  14:06  Photon Cannon  
  109  14:09  Photon Cannon  
  109  14:12  Photon Cannon  
  109  14:16  Probe, Photon Cannon  
  110  14:23  Photon Cannon  
  110  14:24  Probe  
  111  14:32  Probe  
  111  14:35  Photon Cannon  
  112  14:42  Photon Cannon  
  112  14:48  Photon Cannon  
  112  14:55  Probe, Photon Cannon  
  113  15:03  Probe  
  113  15:13  Probe  
  114  15:15  Zealot  
  114  15:18  Tempest  
  122  15:25  Probe  
  123  15:37  Probe  
  124  15:49  Probe  
  125  15:59  Protoss Shields Level 3  
  125  16:00  Protoss Air Weapons Level 2  
  117  16:20  Probe  
  118  16:28  Probe  
  118  16:38  Probe  
  118  16:39  Tempest x2  
  129  16:42  Photon Cannon  
  130  16:50  Probe, Pylon  
  131  17:03  Probe  
  131  17:06  Tempest  
  131  17:07  Tempest  
  137  17:42  Pylon  
  137  17:44  Pylon  
  137  17:46  Pylon  
  137  17:48  Pylon  
  137  17:49  Pylon  
  137  17:52  Pylon  
  137  17:54  Pylon  
  137  17:56  Zealot  
  139  18:00  Tempest  
  139  18:01  Tempest x2  
  139  18:03  Tempest  
  159  18:50  Tempest x3  
  174  18:59  Assimilator  
  174  19:01  Assimilator  
  174  19:12  Tempest  
  174  19:15  Protoss Air Armor Level 2  
  179  19:23  Protoss Ground Weapons Level 1  
  177  19:59  Pylon  
  177  21:06  Zealot  
Show
View Real Time Build Order
Export as new Build Order

pta Zerg - Winner!

Build Orders: Pool First, Brood Lord Corruptor, Lurkers 

Get SALT Encoding   

  12  0:01  Drone  
  13  0:30  Spawning Pool, Drone  
  13  0:31  Drone  
  14  0:44  Extractor  
  14  0:47  Extractor  
  12  0:51  Drone x2  
  16  1:01  Overlord  
  16  1:28  Hatchery  
  15  1:32  Extractor  
  15  1:35  Extractor  
  13  1:40  Roach Warren  
  13  1:42  Drone x3  
  15  1:53  Queen  
  17  2:10  Drone x2  
  19  2:39  Lair  
  19  2:42  Drone  
  20  2:45  Overlord  
  20  2:47  Roach  
  20  2:48  Roach  
  24  3:00  Queen  
  26  3:11  Roach x2  
  30  3:17  Roach  
  32  3:21  Drone  
  33  3:30  Drone  
  34  3:48  Drone x2  
  34  3:49  Overlord  
  34  3:50  Overlord  
  36  4:18  Drone x2  
  36  4:19  Drone x4  
  42  4:31  Extractor  
  41  4:32  Extractor  
  40  4:40  Drone x2  
  40  4:41  Drone x2  
  40  4:42  Drone x2  
  40  4:45  Drone x2  
  47  4:49  Roach  
  47  4:52  Roach  
  52  5:03  Overlord x2  
  52  5:39  Glial Reconstitution  
  52  5:41  Metabolic Boost  
  52  5:49  Hydralisk Den  
  51  5:55  Infestation Pit  
  50  6:06  Drone x4  
  50  6:07  Drone x2  
  50  6:09  Overlord x3  
  50  6:10  Overlord x4  
  50  6:11  Overlord  
  56  6:31  Overseer  
  56  6:46  Overseer x2  
  56  6:48  Drone x6  
  56  6:54  Overseer  
  62  6:56  Lurker Den  
  61  7:02  Spire  
  61  7:08  Evolution Chamber  
  59  7:10  Evolution Chamber, Drone x2  
  60  7:23  Hydralisk x3  
  60  7:24  Hydralisk x2  
  60  7:25  Hydralisk x3  
  60  7:28  Roach x2  
  81  7:30  Zergling x2  
  81  7:31  Zergling x2  
  82  7:39  Zerg Ground Armor Level 1  
  82  7:41  Zerg Missile Weapons Level 1  
  82  8:10  Hive  
  82  8:14  Pneumatized Carapace  
  82  8:27  Hatchery  
  49  9:03  Zergling x12  
  49  9:04  Zergling x12  
  49  9:05  Zergling x10  
  48  9:39  Zergling x12  
  48  9:40  Zergling x6  
  54  9:45  Hydralisk x2  
  57  10:11  Hydralisk x3  
  57  10:12  Hydralisk x4  
  63  10:31  Zerg Melee Weapons Level 1  
  63  10:32  Zerg Ground Armor Level 2  
  63  10:49  Hydralisk  
  63  10:50  Hydralisk x6  
  63  10:51  Hydralisk  
  63  10:52  Corruptor x4  
  87  11:05  Drone  
  87  11:08  Drone  
  87  11:09  Drone x2  
  91  11:30  Hydralisk x2  
  91  11:31  Hydralisk x2  
  91  11:32  Hydralisk x4  
  107  11:44  Greater Spire  
  107  11:51  Drone  
  108  11:56  Extractor  
  108  11:59  Extractor  
  106  12:11  Lurker  
  106  12:12  Lurker x2  
  106  12:13  Lurker x2  
  111  12:21  Drone x3  
  114  12:50  Drone x2  
  88  13:24  Hydralisk x4  
  88  13:25  Hydralisk x3  
  88  13:26  Hydralisk  
  104  13:27  Corruptor x5  
  104  13:28  Corruptor x3  
  117  14:11  Overlord  
  117  14:12  Overlord x2  
  117  14:13  Overlord x3  
  117  14:51  Brood Lord  
  117  14:52  Brood Lord  
  121  14:53  Brood Lord x2  
  121  14:54  Brood Lord  
  121  14:55  Brood Lord  
  131  15:00  Brood Lord  
  131  15:05  Hatchery  
  130  15:08  Extractor  
  130  15:09  Extractor  
  130  15:12  Zergling x8  
  130  15:13  Zergling x12  
  130  15:14  Zergling x4  
  139  15:19  Zerg Melee Weapons Level 2  
  140  15:27  Zerg Missile Weapons Level 2  
  106  16:26  Hydralisk x3  
  106  16:27  Hydralisk x4  
  106  16:28  Hydralisk  
  122  17:39  Zergling x2  
  122  17:40  Zergling x14  
  122  17:41  Zergling x14  
  122  17:42  Zergling x10  
  106  18:53  Zergling x12  
  103  20:57  Zergling x12  
  103  20:58  Zergling x14  
  103  20:59  Zergling x4  
Show
View Real Time Build Order
Export as new Build Order

A.I. 2 (Very Hard) Protoss 

Build Orders: Zealot Archon 

Get SALT Encoding   

  12  0:01  Probe  
  13  0:13  Probe  
  14  0:21  Pylon  
  14  0:25  Probe  
  15  0:35  Probe  
  16  0:43  Probe  
  16  0:47  Assimilator  
  17  0:51  Gateway  
  17  0:52  Probe  
  18  1:00  Probe  
  18  1:02  Pylon  
  18  1:09  Probe  
  20  1:19  Probe  
  21  1:38  Gateway  
  21  1:39  Probe  
  22  1:40  Cybernetics Core, Zealot  
  24  1:51  Probe, Pylon  
  25  2:01  Probe  
  25  2:07  Zealot  
  28  2:09  Probe  
  29  2:18  Warp Gate  
  29  2:24  Adept  
  31  2:32  Gateway  
  31  2:34  Adept  
  33  2:40  Gateway  
  33  2:54  Stalker  
  35  3:00  Probe  
  35  3:02  Pylon  
  35  3:04  Assimilator, Stalker  
  38  3:08  Probe  
  39  3:20  Adept  
  39  3:24  Adept  
  39  3:26  Stalker  
  45  3:34  Stalker  
  47  3:46  Pylon  
  47  3:59  Robotics Facility  
  47  4:06  Twilight Council  
  47  4:23  Pylon  
  47  4:41  Zealot  
  49  4:49  Dark Shrine  
  49  5:06  Nexus  
  49  5:15  Sentry  
  51  5:28  Zealot x2  
  55  5:34  Pylon  
  55  5:38  Stalker, Zealot  
  59  5:48  Stalker  
  61  5:52  Zealot  
  63  5:58  Pylon  
  63  6:03  Dark Templar x2  
  67  6:12  Stalker  
  67  6:16  Zealot  
  67  6:17  Archon  
  71  6:19  Probe  
  71  6:22  Pylon  
  71  6:23  Assimilator  
  72  6:29  Stalker  
  74  6:36  Probe  
  76  6:40  Probe  
  76  6:41  Dark Templar  
  78  6:48  Probe, Assimilator  
  78  6:52  Probe  
  80  6:58  Zealot  
  80  7:00  Dark Templar, Probe  
  85  7:04  Probe  
  85  7:08  Observer, Zealot  
  88  7:12  Probe  
  88  7:13  Archon  
  90  7:16  Probe  
  90  7:22  Dark Templar  
  93  7:29  Probe, Pylon  
  94  7:31  Probe  
  94  7:35  Dark Templar  
  97  7:41  Probe, Zealot  
  97  7:43  Probe  
  101  7:47  Dark Templar, Archon  
  103  7:54  Probe  
  104  8:00  Dark Templar  
  104  8:02  Probe, Pylon  
  107  8:06  Probe  
  107  8:08  Sentry  
  110  8:20  Probe, Zealot x2  
  110  8:22  Probe  
  116  8:30  Pylon, Zealot  
  116  8:32  Probe  
  116  8:33  Stalker  
  117  8:38  Stalker  
  101  8:42  Observer  
  101  8:43  Zealot  
  99  8:49  Stalker  
  87  8:56  Dark Templar  
  87  8:58  Sentry  
  83  9:03  Dark Templar  
  85  9:12  Zealot  
  85  9:16  Archon  
  87  9:21  Zealot  
  89  9:28  Stalker  
  91  9:32  Dark Templar  
  91  9:36  Dark Templar  
  91  9:37  Stalker  
  85  9:51  Zealot  
  87  9:54  Adept, Zealot  
  91  10:02  Templar Archives  
  91  10:08  Zealot  
  91  10:11  Zealot  
  95  10:14  Zealot  
  95  10:15  Adept  
  95  10:28  Zealot  
  91  10:31  Zealot  
  91  10:34  Stalker, Zealot  
  77  10:47  Sentry  
  77  10:48  Dark Templar  
  72  10:51  Dark Templar  
  62  10:57  Zealot  
  62  11:02  Observer  
  65  11:04  Archon  
  65  11:06  Zealot  
  67  11:17  Adept  
  69  11:20  High Templar  
  69  11:23  Immortal  
  69  11:24  Zealot  
  77  11:26  Zealot  
  79  11:37  Zealot  
  79  11:39  Stargate  
  81  11:41  Stalker  
  81  11:47  Zealot  
  85  11:51  Zealot  
  85  11:52  Zealot  
  89  11:57  Stalker  
  91  12:02  Nexus  
  91  12:03  Immortal  
  91  12:07  Zealot  
  91  12:08  Zealot  
  99  12:13  Zealot  
  101  12:15  Void Ray  
  101  12:20  Zealot  
  103  12:27  Zealot  
  103  12:28  Stalker  
  111  12:33  Zealot  
  111  12:34  Pylon  
  113  12:40  Stalker  
  115  12:47  Stalker  
  115  12:49  Zealot  
  119  12:51  Zealot  
  119  12:58  Observer  
  117  12:59  Pylon  
  117  13:03  Zealot  
  117  13:04  Stalker  
  97  13:10  Adept  
  97  13:11  Zealot  
  73  13:21  Probe  
  73  13:23  Sentry  
  73  13:24  Probe  
  73  13:26  Probe  
  78  13:27  Zealot  
  78  13:30  Stalker  
  78  13:32  Adept  
  78  13:33  Probe  
  85  13:34  Probe  
  86  13:46  Immortal  
  86  13:47  Stalker  
  92  13:50  Stalker  
  92  13:53  Zealot  
  96  13:56  Zealot  
  98  14:05  Zealot  
  100  14:10  Zealot  
  100  14:13  Zealot  
  100  14:16  Zealot  
  100  14:17  Void Ray  
  106  14:25  Zealot  
  106  14:30  Zealot x2  
  116  14:34  Zealot  
  118  14:45  Zealot  
  120  14:46  Zealot  
  120  14:49  Void Ray  
  120  14:50  Zealot  
  124  14:54  Zealot  
  130  15:20  Void Ray  
  130  15:26  Pylon  
  130  15:32  Robotics Bay  
  134  15:38  Nexus  
  134  15:53  Pylon  
  134  15:56  Zealot  
  134  15:57  Zealot  
  134  15:59  Void Ray, Zealot  
  134  16:02  Adept  
  124  16:09  Observer  
  105  16:16  Zealot  
  105  16:17  Sentry  
  92  16:19  Zealot  
  92  16:22  Colossus  
  92  16:23  Zealot  
  86  16:36  Stalker  
  86  16:39  Zealot  
  89  16:40  Adept  
  89  16:41  Void Ray  
  89  16:43  Stalker  
  97  16:50  Probe  
  97  16:52  Probe  
  97  16:53  Probe  
  100  16:55  Probe  
  100  16:56  Stalker  
  100  16:59  Zealot x2  
  107  17:02  Stalker  
  107  17:07  Immortal  
  96  17:12  Stalker, Zealot  
  92  17:19  Stalker, Sentry  
  98  17:31  Stalker  
  98  17:35  Zealot  
  98  17:36  Immortal  
  98  17:42  Adept, Zealot  
  80  17:54  Stalker  
  80  17:55  Zealot  
  84  18:01  Void Ray  
  84  18:02  Stalker, Zealot  
  91  18:09  Zealot  
  93  18:13  Assimilator  
  93  18:15  Adept, Assimilator  
  85  18:22  Zealot  
  85  18:24  Assimilator  
  85  18:25  Zealot  
  75  18:27  Sentry  
  75  18:29  Immortal  
  75  18:32  Assimilator  
  71  18:35  Adept  
  71  18:38  Probe  
  71  18:39  Probe  
  67  18:42  Stalker  
  67  18:44  Sentry  
  67  18:45  Zealot  
  67  18:46  Probe  
  74  18:55  Probe x2, Zealot  
  78  18:56  Probe  
  78  18:58  Void Ray  
  78  19:00  Immortal  
  83  19:04  Zealot  
  83  19:06  Zealot  
  91  19:10  Pylon  
  91  19:11  Zealot  
  91  19:14  Probe  
  91  19:16  Probe  
  91  19:17  Probe x2  
  92  19:24  Zealot  
  94  19:25  Zealot  
  94  19:26  Adept  
  85  19:44  Sentry  
  79  19:46  Zealot, Sentry  
  75  19:53  Probe  
  75  19:56  Probe  
  75  19:57  Probe  
  75  19:58  Probe  
  68  20:04  Sentry  
  58  20:09  Adept  
  48  20:20  Pylon  
  39  20:26  Pylon  
  35  20:42  Pylon  
  26  20:59  Pylon  
  20  21:13  Pylon  
  13  21:26  Pylon  
Show
View Real Time Build Order
Export as new Build Order

A.I. 3 (Harder) Terran 

Build Orders:  

Get SALT Encoding   

  12  0:01  SCV  
  13  0:13  SCV  
  14  0:18  Supply Depot  
  14  0:25  SCV  
  15  0:40  SCV  
  16  0:44  Barracks  
  16  0:49  Refinery  
  16  0:52  SCV  
  17  1:04  SCV  
  18  1:16  SCV  
  19  1:20  Supply Depot  
  19  1:29  SCV  
  19  1:32  Marine  
  21  1:40  Barracks  
  21  1:42  Orbital Command  
  21  1:49  Refinery  
  21  1:51  Barracks Tech Lab  
  21  2:07  Supply Depot  
  21  2:10  Marauder  
  23  2:29  Marine  
  24  2:31  Marine  
  25  2:41  Supply Depot  
  25  2:46  Marine  
  25  2:48  Marine  
  27  3:01  SCV  
  27  3:04  Marine  
  29  3:07  Marauder  
  29  3:12  Engineering Bay  
  31  3:13  SCV  
  32  3:22  Marine  
  32  3:25  SCV  
  32  3:27  Supply Depot  
  34  3:28  Marine  
  35  3:37  SCV  
  35  3:40  Marine  
  37  3:46  Marauder  
  39  3:49  SCV  
  40  4:01  SCV  
  41  4:07  Marauder  
  43  4:29  Marauder  
  45  4:37  Barracks Tech Lab  
  45  4:38  Stimpack  
  45  4:40  Factory  
  45  4:43  Factory  
  45  4:50  Reaper  
  46  4:53  Supply Depot  
  46  4:54  Concussive Shells  
  46  4:55  Marine  
  47  5:06  Terran Infantry Weapons Level 1  
  47  5:12  Marine  
  48  5:22  Marine  
  48  5:23  Factory Tech Lab  
  48  5:27  Factory Tech Lab, Starport  
  47  5:31  Marauder, Starport  
  49  5:37  Combat Shield  
  49  5:40  Marauder, Missile Turret  
  51  5:48  Command Center, Missile Turret  
  51  5:59  Ghost Academy  
  51  6:03  Starport Tech Lab  
  50  6:09  Starport Tech Lab  
  50  6:15  Reaper  
  51  6:22  Bunker  
  51  6:30  Ghost  
  53  6:47  Barracks  
  53  6:52  Raven  
  55  7:00  Terran Infantry Armor Level 1, SCV  
  55  7:01  SCV  
  57  7:07  Refinery  
  57  7:10  Missile Turret  
  57  7:12  SCV  
  57  7:14  SCV  
  57  7:15  Missile Turret  
  59  7:17  Refinery  
  59  7:25  SCV  
  59  7:26  SCV  
  61  7:31  Raven  
  61  7:35  Bunker  
  64  7:37  SCV  
  64  7:38  SCV  
  65  7:47  Sensor Tower  
  65  7:49  SCV  
  65  7:50  SCV  
  67  7:58  Armory  
  67  7:59  Barracks Reactor  
  67  8:01  SCV  
  67  8:02  SCV  
  69  8:06  Supply Depot  
  69  8:13  SCV  
  69  8:14  SCV  
  71  8:25  SCV  
  71  8:27  SCV  
  73  8:28  Reaper  
  73  8:30  Medivac  
  73  8:37  SCV, Reaper  
  75  8:43  Supply Depot  
  75  8:45  Viking  
  61  8:57  Factory  
  61  9:00  Banshee  
  57  9:05  Command Center  
  55  9:22  Viking  
  57  9:24  Starport  
  55  9:40  Factory Tech Lab  
  55  9:43  Viking  
  57  9:52  Banshee  
  59  10:01  Starport Reactor  
  59  10:13  Raven  
  61  10:19  Refinery  
  61  10:35  Medivac  
  63  10:37  Medivac  
  63  10:39  Viking  
  67  10:47  Refinery  
  67  10:55  Banshee  
  70  11:05  Viking  
  70  11:07  SCV  
  70  11:08  Viking, SCV  
  70  11:10  SCV  
  77  11:19  SCV  
  77  11:20  SCV  
  77  11:22  SCV  
  80  11:31  SCV  
  81  11:33  SCV  
  81  11:34  SCV  
  81  11:35  Banshee  
  81  11:38  Raven  
  88  11:42  Supply Depot  
  88  11:43  SCV  
  88  11:45  SCV  
  88  11:46  SCV  
  91  11:47  Fusion Core  
  91  11:55  SCV  
  91  11:57  SCV  
  91  11:59  SCV  
  91  12:01  Terran Ship Weapons Level 1  
  94  12:05  Supply Depot  
  94  12:07  SCV  
  95  12:09  SCV  
  95  12:11  SCV  
  95  12:13  Hi-Sec Auto Tracking  
  96  12:17  Banshee  
  96  12:19  SCV  
  96  12:21  SCV, Banshee  
  96  12:22  Missile Turret  
  104  12:24  Missile Turret  
  104  12:26  Engineering Bay  
  104  12:28  Supply Depot  
  104  12:31  Marine x4  
  108  12:48  Marine  
  108  12:49  Marine x3  
  112  12:53  Supply Depot  
  112  13:01  Battlecruiser  
  112  13:06  Ghost, Marine x2  
  112  13:07  Marauder  
  116  13:16  Supply Depot  
  116  13:24  Marine x2  
  114  13:28  Marine  
  109  13:35  Marine  
  109  13:37  Raven  
  103  13:42  Supply Depot, Marine x2  
  103  13:44  Medivac  
  103  13:46  Marine  
  103  13:47  Medivac  
  101  13:54  Marauder  
  101  14:00  Marine x2  
  103  14:04  Marauder, Raven  
  107  14:12  Command Center  
  107  14:14  Medivac  
  107  14:15  Marauder  
  111  14:18  Marine x2  
  111  14:20  Raven  
  115  14:26  Marauder  
  117  14:35  Marine x2  
  117  14:36  Marine  
  120  14:46  Ghost  
  122  14:53  Marine x2  
  122  14:54  Marauder  
  122  14:59  Bunker  
  126  15:07  Terran Infantry Weapons Level 2  
  126  15:10  Terran Infantry Armor Level 2  
  126  15:11  Terran Vehicle Weapons Level 1, Marine x2  
  128  15:15  Marauder  
  128  15:16  Marauder  
  132  15:27  SCV  
  132  15:29  Marine  
  132  15:30  Hellion  
  132  15:31  Refinery  
  132  15:33  Hellion, Missile Turret  
  139  15:35  Hellion  
  139  15:39  Marauder, Missile Turret  
  139  15:42  Marauder, Refinery  
  143  15:51  Hellion  
  143  15:54  Siege Tank  
  143  15:57  Siege Tank  
  148  16:03  Marine  
  128  16:06  Marine  
  128  16:09  Marine  
  128  16:11  Medivac  
  116  16:12  Marine  
  116  16:15  Siege Tank  
  116  16:17  Raven  
  106  16:21  Marine  
  106  16:24  Marine  
  106  16:25  Medivac  
  100  16:27  Marine  
  100  16:30  Siege Tank, Marine  
  100  16:31  Medivac  
  107  16:33  Siege Tank  
  107  16:36  SCV  
  107  16:39  Marine  
  111  16:40  Raven  
  111  16:41  Marine  
  111  16:43  Infernal Pre-Igniter  
  111  16:45  Marine  
  111  16:46  Bunker  
  115  16:47  Siege Tank  
  115  16:48  Marine  
  111  16:55  Medivac  
  111  16:56  Marine  
  111  16:59  Marine  
  111  17:00  Raven  
  103  17:01  Viking, SCV  
  103  17:02  SCV, Hellion  
  103  17:03  SCV, Marine  
  103  17:04  SCV  
  103  17:06  Marauder, Terran Vehicle And Ship Armor Level 1  
  108  17:10  Siege Tank  
  108  17:13  SCV  
  108  17:14  SCV, Marine  
  108  17:17  SCV  
  108  17:21  Marauder, Marine  
  98  17:23  Viking  
  98  17:25  Medivac  
  98  17:26  SCV x2  
  98  17:27  Marine  
  84  17:31  Viking  
  84  17:32  Siege Tank, Marine  
  84  17:35  Siege Tank  
  86  17:42  Siege Tank  
  86  17:43  Viking, Marine  
  86  17:46  Marine  
  86  17:49  Marine  
  70  17:52  Marine  
  54  18:01  Marine  
  54  18:04  Thor, Marine  
  52  18:07  Marine  
  52  18:10  Marine  
  38  18:31  SCV  
  15  18:47  SCV  
Tags
 
Add a new tag
Caveats
  • Supply blocks, unpowered buildings, or Contaminate may cause inaccurate times.
  • Supply counts are checked every 10 seconds.